Map: Romanticide LE

Players

Epic - Winner!

  • Race: Terran Terran
  • League: Grandmaster

MaSa

  • Race: Terran Terran

Event: DreamHack SC2 Masters 2021 Summer

VOD

Have the link to the VOD?

Description

Time

  • Played on: May 29, 2021, 6:06 p.m.
  • Length: 9:41

All games in this series

Show
View Real Time Build Order
Export as new Build Order

Epic Terran - Winner!

Build Orders:  

Get SALT Encoding   

  12  0:00  SCV  
  13  0:12  SCV  
  14  0:17  Supply Depot  
  14  0:24  SCV  
  15  0:38  SCV, Barracks  
  16  0:43  Refinery  
  16  0:50  SCV  
  16  0:53  Refinery  
  17  1:02  SCV  
  18  1:14  SCV  
  19  1:25  Reaper  
  20  1:26  Orbital Command  
  20  1:33  Supply Depot  
  20  1:40  Factory  
  20  1:52  SCV  
  21  1:58  Reaper  
  22  2:05  SCV  
  23  2:17  Command Center  
  23  2:20  SCV  
  24  2:25  Hellion  
  26  2:30  Reaper  
  26  2:34  Supply Depot  
  26  2:35  SCV  
  28  2:46  Starport  
  28  2:50  Hellion  
  30  2:52  SCV  
  31  3:03  Barracks Reactor  
  31  3:04  SCV  
  32  3:11  Factory Tech Lab  
  32  3:16  SCV  
  33  3:26  Refinery  
  31  3:28  SCV  
  31  3:30  Orbital Command  
  31  3:32  Cyclone  
  35  3:39  Starport Tech Lab, Marine x2  
  35  3:40  Orbital Command  
  35  3:41  SCV  
  37  3:53  SCV  
  38  3:57  Marine x2  
  38  3:58  Raven  
  38  4:01  Supply Depot  
  42  4:05  SCV  
  42  4:06  SCV  
  42  4:18  SCV x2  
  42  4:20  Refinery, Marine x2, Supply Depot  
  42  4:22  Siege Tank  
  49  4:30  SCV x2  
  51  4:44  Barracks  
  51  4:46  SCV x2  
  51  4:47  Barracks  
  51  4:50  Marine  
  51  4:51  Stimpack  
  51  4:52  Starport Reactor  
  54  4:58  SCV x2  
  56  5:02  Engineering Bay  
  56  5:05  Siege Tank  
  59  5:09  Marine  
  59  5:10  SCV x2  
  62  5:15  Supply Depot  
  62  5:22  SCV  
  62  5:23  SCV  
  62  5:24  Refinery  
  62  5:28  Terran Infantry Weapons Level 1, Supply Depot  
  64  5:30  Marine  
  64  5:33  Marine x2  
  67  5:36  SCV x2, Starport Reactor  
  67  5:40  Siege Tank  
  67  5:42  Marine x2  
  74  5:48  Marine  
  75  5:55  Marine x2  
  76  5:58  Supply Depot  
  76  6:00  Marine x2  
  76  6:02  Command Center  
  78  6:05  Marine  
  78  6:09  SCV x2  
  77  6:13  Medivac, Siege Tank  
  77  6:16  Medivac  
  83  6:21  Marine x3  
  86  6:27  SCV  
  86  6:28  SCV  
  86  6:32  Marine x2, Supply Depot  
  89  6:38  Combat Shield  
  89  6:39  Marine x2  
  89  6:42  Marine  
  89  6:47  Siege Tank  
  89  6:50  Medivac  
  89  6:52  Marine x2  
  94  6:56  Marine x2  
  94  6:59  Medivac  
  96  7:03  Marine  
  96  7:10  Marine x2  
  96  7:14  Marine x2  
  83  7:21  Marine  
  61  7:25  Siege Tank  
  61  7:26  SCV x2  
  61  7:28  Marine x2  
  59  7:32  Marine  
  60  7:38  SCV x2, Medivac  
  60  7:42  Marine  
  52  7:47  Marine  
  52  7:50  SCV x2  
  55  7:56  Marine x2  
  55  7:58  Marine  
  58  8:02  SCV x2  
  59  8:08  Siege Tank  
  59  8:11  Marine  
  63  8:17  SCV x2  
  63  8:19  Medivac  
  67  8:23  Medivac  
  69  8:29  SCV x2  
  71  8:36  Marine x5  
  76  8:42  SCV x2  
  76  8:45  Supply Depot  
  78  8:53  Siege Tank  
  78  8:54  Marine  
  82  9:02  Marine  
  82  9:03  Marine x3  
  82  9:09  Command Center  
  85  9:22  Marine x4  
  83  9:32  Barracks  
  83  9:33  Barracks  
Show
View Real Time Build Order
Export as new Build Order

MaSa Terran 

Build Orders:  

Get SALT Encoding   

  12  0:00  SCV  
  13  0:12  SCV  
  14  0:17  Supply Depot  
  14  0:24  SCV  
  15  0:38  SCV  
  15  0:39  Barracks  
  16  0:43  Refinery  
  16  0:47  Refinery  
  16  0:52  SCV  
  17  1:04  SCV  
  18  1:16  SCV  
  19  1:26  Barracks Reactor  
  19  1:28  Orbital Command  
  19  1:37  Factory  
  19  1:43  Supply Depot  
  19  1:54  SCV  
  20  2:02  Reaper x2  
  20  2:06  SCV  
  23  2:18  SCV  
  23  2:21  Hellion  
  26  2:28  Command Center  
  26  2:31  SCV  
  26  2:36  Reaper x2  
  29  2:43  Supply Depot  
  29  2:47  Hellion  
  31  2:57  Starport  
  31  3:04  SCV  
  32  3:09  Factory Tech Lab  
  32  3:11  Marine  
  32  3:12  Supply Depot  
  33  3:13  Marine  
  33  3:18  SCV  
  35  3:28  Cyclone  
  35  3:30  SCV  
  39  3:35  Marine x2  
  41  3:42  Orbital Command  
  41  3:44  SCV  
  41  3:45  Starport Tech Lab  
  42  3:52  Refinery, Marine  
  43  3:57  SCV  
  44  4:03  Cyclone  
  44  4:09  SCV  
  48  4:10  Raven  
  48  4:14  SCV  
  48  4:16  Marine  
  50  4:21  SCV, Marine  
  52  4:27  SCV  
  52  4:29  Supply Depot  
  53  4:33  SCV  
  53  4:35  Siege Tank  
  57  4:39  SCV  
  57  4:45  SCV, Marine x2  
  58  4:49  Supply Depot  
  58  4:51  SCV  
  61  4:54  Raven  
  61  4:57  SCV  
  64  5:03  SCV  
  65  5:09  SCV  
  66  5:15  SCV, Marine x2  
  66  5:18  Siege Tank  
  72  5:21  SCV  
  72  5:22  Command Center  
  72  5:24  Refinery  
  72  5:27  Supply Depot  
  72  5:28  SCV  
  74  5:33  SCV  
  75  5:40  SCV  
  76  5:45  SCV  
  76  5:47  Barracks  
  76  5:49  Barracks  
  77  5:52  SCV, Marine  
  77  5:54  Viking  
  81  5:58  SCV  
  79  6:11  SCV  
  79  6:12  Marine  
  79  6:13  Viking, Siege Tank  
  79  6:18  Stimpack  
  86  6:29  Supply Depot x2  
  86  6:34  SCV x2, Viking  
  86  6:39  Marine  
  88  6:45  Viking, Siege Tank  
  91  6:47  Barracks Reactor  
  91  6:48  Barracks Reactor, Orbital Command  
  91  6:49  SCV  
  68  7:15  Marine  
  67  7:17  Siege Tank  
  62  7:25  SCV x2  
  62  7:29  Marine x4  
  59  7:32  Marine  
  57  7:37  SCV  
  53  7:47  Orbital Command, Medivac  
  53  7:48  Liberator  
  53  7:49  Siege Tank  
  53  7:50  Marine  
  53  7:51  Marine x2  
  62  7:56  SCV  
  65  8:05  Combat Shield  
  65  8:10  SCV  
  65  8:11  Marine x4  
  70  8:16  Marine  
  70  8:17  SCV  
  72  8:22  SCV  
  72  8:27  Engineering Bay x2  
  73  8:29  SCV, Marine, Siege Tank  
  78  8:34  SCV  
  79  8:41  SCV  
  79  8:46  SCV  
  81  8:50  Command Center  
  81  8:53  Marine x5  
  86  8:58  SCV  
  86  8:59  SCV  
  84  9:07  Supply Depot  
  84  9:08  Supply Depot  
  76  9:10  Marine x2, Supply Depot  
  78  9:17  Marine  
  72  9:24  SCV  
Tags
 
Add a new tag
Caveats
  • Supply blocks, unpowered buildings, or Contaminate may cause inaccurate times.
  • Supply counts are checked every 10 seconds.